 Dungeon Crawl Stone Soup version 0.19.1-1-g22dce08 (webtiles) character file.

95 HessuHobo the Conjurer (level 4, -1/24 HPs)
             Began as a Deep Elf Conjurer on Dec 28, 2016.
             Slain by a gnoll
             ... wielding a +0 halberd
              (12 damage)
             ... on level 3 of the Dungeon.
             The game lasted 00:05:13 (2464 turns).

HessuHobo the Conjurer (Deep Elf Conjurer)          Turns: 2464, Time: 00:05:14

Health: -1/24      AC:  2    Str:  6    XL:     4   Next: 40%
Magic:  9/10       EV: 13    Int: 20    God:
Gold:   111        SH:  0    Dex: 15    Spells: 2 memorised, 6 levels left

rFire  . . .     SeeInvis .     f - +0 short sword
rCold  . . .     Gourm    .     a - +0 robe
rNeg   . . .     Faith    .     (no shield)
rPois  .         Spirit   .     (no helmet)
rElec  .         Reflect  .     (no cloak)
rCorr  .         Harm     .     (no gloves)
MR     .....                    (no boots)
Stlth  ++........               (no amulet)
                                (no ring)
                                (no ring)

@: no status effects
A: no striking features
a: no special abilities


You were on level 3 of the Dungeon.
You were not hungry.

You visited 1 branch of the dungeon, and saw 3 of its levels.

You collected 111 gold pieces.

Inventory:

Hand Weapons
 f - a +0 short sword (weapon)
 i - a +2 vampiric dagger
Armour
 a - a +0 robe (worn)
Jewellery
 e - an uncursed amulet of guardian spirit {unknown}
 o - an uncursed ring of fire {unknown}
Scrolls
 g - a scroll of remove curse {unknown}
 h - a scroll of amnesia {unknown}
 j - 2 scrolls of identify {unknown}
 p - a scroll of recharging {unknown}
Potions
 l - a potion of curing
 n - a potion of haste {unknown}
Books
 b - a book of Conjurations

   Spells                             Type                      Level
   a - Magic Dart                     Conjuration                  1
   b - Searing Ray                    Conjuration                  2
   c - Dazzling Spray                 Conjuration/Hexes            3
   d - Fulminant Prism                Conjuration/Hexes            4
   e - Iskenderun's Mystic Blast      Conjuration                  4
   f - Iskenderun's Battlesphere      Conjuration/Charms           5
Comestibles
 c - a bread ration
 d - a slice of pizza
 k - 2 meat rations
 q - a fruit


   Skills:
 - Level 2.4 Dodging
 - Level 2.4 Stealth
 - Level 3.0 Spellcasting
 + Level 6.5 Conjurations


You had 6 spell levels left.
You knew the following spells:

 Your Spells              Type           Power        Failure   Level  Hunger
a - Magic Dart            Conj           ####         1%          1    None
b - Searing Ray           Conj           ####..       1%          2    ##.....


Dungeon Overview and Level Annotations

Branches:
Dungeon (3/15)

Altars:
Sif Muna


Message History

The gnoll barely misses you.
You climb upwards.
There is a stone staircase leading down here.
You start resting.
HP restored.
You start resting.
Magic restored.
You climb downwards.
The gnoll hits you with a halberd!
Ouch! That really hurt!
There is a stone staircase leading up, spattered with blood here.
Casting: Magic Dart
Confirm with . or Enter, or press ? or * to list all spells.
Aiming: Magic Dart
Press: ? - help, Shift-Dir - straight line, f - gnoll
Aim: a gnoll, wielding a halberd The magic dart hits the gnoll.
The gnoll is heavily wounded.
The gnoll hits you with a halberd!
Ouch! That really hurt!
You die...

#.#####...#.#
#.......###.####
####.#.## #....#
#..#.######.#
#.###g## #.#
##.## ##g## #.#
#.# ##.# #.#
##.# ##.## #g#
#.###g## #@#
#..#g## #.# #.##
#.# #.(†# #.#
###)# #.# ...
#.. #.# ### #.#
#.#


You could see a gnoll.

Vanquished Creatures
  2 gnolls (D:3)
  An adder (D:3)
  3 worms
  3 dart slugs
  4 leopard geckos
  3 giant cockroaches
  5 goblins
  3 hobgoblins
  6 jackals
  6 kobolds
  4 bats
  2 frilled lizards (D:1)
  6 rats
48 creatures vanquished.

Notes
Turn   | Place    | Note
-------+----------+-------------------------------------------
     0 | D:1      | HessuHobo the Deep Elf Conjurer began the quest for the Orb.
     0 | D:1      | Reached XP level 1. HP: 10/10 MP: 6/6
   287 | D:1      | Reached XP level 2. HP: 15/15 MP: 6/8
   302 | D:1      | Reached skill level 5 in Conjurations
   970 | D:1      | Reached XP level 3. HP: 19/19 MP: 7/9
  1596 | D:2      | Found a deep blue altar of Sif Muna.
  1972 | D:2      | Reached skill level 6 in Conjurations
  2109 | D:3      | Learned a level 2 spell: Searing Ray
  2127 | D:3      | Reached XP level 4. HP: 24/24 MP: 6/10
  2464 | D:3      | Slain by a gnoll

Skill      XL: |  1  2  3 |
---------------+----------+-----
Conjurations   | 5 6 |  6.5
Dodging        | |  2.4
Stealth        | |  2.4
Spellcasting   | |  3.0

Action                   |  1- 3 |  4- 6 || total
-------------------------+-------+-------++-------
Melee: Short sword       |     6 |       ||     6
 Cast: Magic Dart        |    90 |    11 ||   101
       Searing Ray       |       |     4 ||     4
  Use: Potion            |     4 |       ||     4
  Eat: Bread ration      |     1 |       ||     1
       Chunk             |     1 |       ||     1
Armor: Robe              |     4 |       ||     4
Dodge: Dodged            |    12 |     3 ||    15
